 Dungeon Crawl Stone Soup version 0.19-a0-611-gb5a7e8d (webtiles) character file.

4972 HarleyM the Bludgeoner (level 10, -4/98 HPs)
             Began as an Ogre Berserker on June 12, 2016.
             Was a High Priest of Trog.
             Slain by a manticore (11 damage)
             ... on level 8 of the Dungeon.
             The game lasted 00:29:12 (10712 turns).

HarleyM the Bludgeoner (Ogre Berserker)            Turns: 10712, Time: 00:29:13

Health: -4/98      AC:  5    Str: 24    XL:     10   Next: 53%
Magic:  10/10      EV: 12    Int:  6    God:    Trog [*****.]
Gold:   421        SH:  0    Dex: 17    Spells: 0 memorised, 9 levels left

rFire  . . .     SeeInvis .     J - -3 morningstar
rCold  . . .     Gourm    .     D - +0 robe (curse)
rNeg   . . .     Faith    .     (no shield)
rPois  .         Spirit   .     (helmet restricted)
rElec  .         Dismiss  .     S - +1 cloak
rCorr  .         Reflect  .     (gloves unavailable)
SustAt .         Harm     .     (boots unavailable)
MR     ++...                    (no amulet)
Stlth  ++........               U - +5 ring of dexterity
                                y - ring of protection from magic

@: exhausted, very resistant to hostile enchantments, unstealthy
A: unfitting armour, tough skin 1
a: Berserk, Trog's Hand, Brothers in Arms, Burn Spellbooks, Renounce Religion


You were on level 8 of the Dungeon.
You worshipped Trog.
Trog was extremely pleased with you.
You were near starving.

You visited 1 branch of the dungeon, and saw 9 of its levels.

You collected 421 gold pieces.

Inventory:

Hand Weapons
 a - a +0 mace
 w - a +2 flail of protection
 G - a +1 whip of electrocution
 J - a -3 morningstar (weapon)
 O - the +3 spear of True Grit {freeze, *Corrode rN+ Dex+3}
   (You found it on level 6 of the Dungeon)

   It has been specially enchanted to freeze those struck by it, causing extra
   injury to most foes and up to half again as much damage against particularly
   susceptible opponents.
   It can also slow down cold-blooded creatures.
   It affects your dexterity (+3).
   It protects you from negative energy.
   It may corrode you when you take damage.
 R - a +4 quarterstaff of chaos
 W - a +0 giant club
Missiles
 d - 12 curare-tipped needles
 E - 11 tomahawks (quivered)
Armour
 b - a +0 animal skin
 n - a +0 cloak
 D - a cursed +0 robe (worn)
 H - a +0 shield
 S - a +1 cloak (worn)
Jewellery
 h - an uncursed ring of ice
 q - an uncursed ring of ice
 t - an uncursed ring of see invisible
 y - a ring of protection from magic (left hand)
 C - an uncursed ring of fire
 P - an uncursed ring of protection from magic
 U - a +5 ring of dexterity (right hand)
Wands
 V - a wand of random effects (43/48)
Scrolls
 e - 4 scrolls of identify
 f - a scroll of fog
 i - a scroll of enchant weapon
 k - 2 scrolls of random uselessness
 v - 2 scrolls of enchant armour
 L - a scroll of vulnerability
Potions
 j - 2 potions of might {unknown}
 m - a potion of resistance {unknown}
 r - 4 potions of flight
 u - 2 potions of haste {unknown}
 x - 3 potions of heal wounds
 z - 3 potions of lignification
 A - a potion of magic
 B - 3 potions of mutation
 F - a potion of cure mutation {unknown}
 K - a potion of curing
 M - 3 potions of degeneration {unknown}
 Q - a potion of agility {unknown}
 T - a potion of cancellation {unknown}
 X - a potion of ambrosia {unknown}
Books
 Y - a book of the Tempests

   Spells                             Type                      Level
   a - Static Discharge               Conjuration/Air              3
   b - Lightning Bolt                 Conjuration/Air              5
   c - Fireball                       Conjuration/Fire             5
   d - Tornado                        Air                          9
   e - Shatter                        Earth                        9
   Trog disapproves of the use of such an item.
Comestibles
 c - 7 bread rations
 g - 4 beef jerkies
 p - 7 fruits


   Skills:
 + Level 6.2 Fighting
 + Level 17.2 Maces & Flails
 + Level 2.2 Armour
 + Level 4.1 Dodging


You had 9 spell levels left.
You didn't know any spells.

Dungeon Overview and Level Annotations

Branches:
Dungeon (9/15)             Temple (0/1) D:6
   Lair: D:8-11         Orc: D:9-12

Altars:
Ashenzari
Dithmenos
Elyvilon
Fedhas
Okawaru
Qazlal
Vehumet
The Shining One

Shops:
D:6 !


Innate Abilities, Weirdness & Mutations

You are too large for most types of armour.
You have tough skin. (AC +1)


Message History

There is a stone staircase leading down, spattered with blood here.
You see here a hand axe.
You start resting.
You feel your anger subside.
You are no longer berserk.
You are exhausted.
You feel yourself slow down.
You are feeling very hungry.
You start resting.
You are near starving!
You start resting.
A manticore comes into view.
You feel yourself speed up. The manticore bites you!
* * * LOW HITPOINT WARNING * * *
The manticore claws you!
* * * LOW HITPOINT WARNING * * *
The manticore claws you.
* * * LOW HITPOINT WARNING * * *
You hit the manticore but do no damage. The manticore bites you!
You die...

...# #.###..##.#### #<# #.#.#
...# #............# #.# #.#.#
...###..##..##..#.# #.# #.#.#
..................# #.# #.#.#
...#.#####.####.>)###.###.#.#
.....#####.##..)............#
..............#...........###
....######.####..####.#####
...#######.####.@####.###########
#................H...............
#.########.####..#####.##########
#.# #.# #..#####.#### #.#
#.####...........# #.#
#.......#####.##.# #.# #######.#
#.##.# #.# #.# #.##.# #.#
#.#####.##)#


You could see a manticore.

Vanquished Creatures
  Pikel (D:4)
  A two-headed ogre (D:8)
  Sigmund (D:3)
  A spriggan (D:8)
  A hungry ghost (D:7)
  2 hippogriffs (D:7)
  Menkaure (D:5)
  Duvessa (D:4)
  An ice beast (D:5)
  2 slaves (D:5)
  2 orc warriors
  A sky beast (D:6)
  5 phantoms
  2 ogres
  6 centaurs
  2 big kobolds
  A giant frog (D:6)
  A water moccasin zombie (D:8)
  Dowan (D:4)
  A scorpion (D:6)
  5 wights (D:7)
  2 howler monkeys
  3 crimson imps
  A giant frog skeleton (D:4)
  4 hounds
  3 jellies
  2 orc priests
  Crazy Yiuf (D:7)
  5 orc wizards
  Ijyb (D:3)
  A centaur skeleton (D:5)
  4 iguanas
  10 worker ants
  2 hound skeletons
  A worker ant zombie (D:6)
  7 gnolls
  14 adders
  A worm (D:5)
  An ooze (D:1)
  An adder skeleton (D:4)
  A giant gecko (D:7)
  31 orcs
  2 ball pythons
  9 giant cockroaches
  6 goblins
  9 hobgoblins
  11 jackals
  15 kobolds
  3 quokkas
  A ball python zombie (D:6)
  13 bats
  6 giant newts
  9 rats
219 creatures vanquished.

Vanquished Creatures (others)
  A slave (D:5)
  A centaur zombie (D:5)
  A centaur skeleton (D:8)
  A hound zombie (D:8)
  2 orcs (D:8)
  5 fungi (D:5)
  2 plants (D:5)
13 creatures vanquished.

Grand Total: 232 creatures vanquished

Notes
Turn   | Place    | Note
--------------------------------------------------------------
     0 | D:1      | HarleyM the Ogre Berserker began the quest for the Orb.
     0 | D:1      | Reached XP level 1. HP: 24/24 MP: 1/1
   248 | D:1      | Reached XP level 2. HP: 32/32 MP: 2/2
   404 | D:1      | Reached skill level 5 in Maces & Flails
   690 | D:2      | Reached XP level 3. HP: 25/39 MP: 3/3
   704 | D:2      | Reached ** piety under Trog
   741 | D:1      | HP: 1/39 [poisoned by an adder]
  1053 | D:2      | Reached skill level 6 in Maces & Flails
  1155 | D:2      | Reached XP level 4. HP: 26/48 MP: 4/4
  2673 | D:3      | Noticed Sigmund
  2688 | D:3      | Killed Sigmund
  2688 | D:3      | Reached skill level 8 in Maces & Flails
  2688 | D:3      | Reached XP level 5. HP: 54/54 MP: 5/5
  2688 | D:3      | Reached XP level 6. HP: 62/62 MP: 6/6
  2853 | D:3      | Noticed Ijyb
  2864 | D:3      | Reached skill level 9 in Maces & Flails
  2865 | D:3      | Killed Ijyb
  3050 | D:3      | Reached *** piety under Trog
  3710 | D:4      | Found a stormy altar of Qazlal.
  3710 | D:4      | Found a blossoming altar of Fedhas.
  3728 | D:4      | Found a glowing golden altar of the Shining One.
  3728 | D:4      | Found an iron altar of Okawaru.
  3745 | D:4      | Reached XP level 7. HP: 61/70 MP: 7/7
  3907 | D:4      | Noticed Dowan
  3909 | D:4      | Noticed Duvessa
  3920 | D:4      | Killed Dowan
  3920 | D:4      | Reached skill level 10 in Maces & Flails
  3976 | D:4      | Killed Duvessa
  4134 | D:4      | Reached skill level 11 in Maces & Flails
  4653 | D:4      | Reached XP level 8. HP: 54/78 MP: 8/8
  5206 | D:4      | Reached skill level 12 in Maces & Flails
  5281 | D:5      | Entered Level 5 of the Dungeon
  5436 | D:5      | Noticed Pikel
  5463 | D:4      | Killed Pikel
  5463 | D:4      | Reached skill level 13 in Maces & Flails
  5884 | D:5      | Reached skill level 14 in Maces & Flails
  5939 | D:5      | Reached XP level 9. HP: 57/84 MP: 9/9
  6337 | D:5      | Noticed Menkaure
  6340 | D:5      | Killed Menkaure
  6381 | D:5      | Found a white marble altar of Elyvilon.
  6488 | D:5      | Reached **** piety under Trog
  6772 | D:5      | Reached skill level 15 in Maces & Flails
  7048 | D:6      | Found Jacsouna's Distillery.
  7274 | D:6      | Got a warped spear
  7352 | D:6      | Identified the +3 spear of True Grit {freeze, *Corrode rN+ Dex+3} (You found it on level 6 of the Dungeon)
  7531 | D:6      | Reached skill level 16 in Maces & Flails
  7675 | D:6      | Found a staircase to the Ecumenical Temple.
  7812 | D:6      | Found a shadowy altar of Dithmenos.
  7813 | D:6      | Found a shattered altar of Ashenzari.
  8122 | D:7      | Reached ***** piety under Trog
  8125 | D:7      | Reached XP level 10. HP: 93/93 MP: 10/10
  8145 | D:7      | Reached skill level 1 in Armour
  8185 | D:7      | Reached skill level 5 in Fighting
  8498 | D:7      | Reached skill level 17 in Maces & Flails
  8532 | D:7      | Noticed Crazy Yiuf
  8536 | D:7      | Killed Crazy Yiuf
  9000 | D:7      | Received a gift from Trog
 10128 | D:8      | Found a radiant altar of Vehumet.
 10709 | D:8      | Noticed a manticore
 10712 | D:8      | Slain by a manticore

Vault maps used:
D:1:      dpeg_arrival_prison
D:3:      first_bread, uniq_sigmund, uniq_iyjb
D:4:      grunt_temple_overflow_open, item_on_display_a, uniq_duvessa
D:5:      old_forge, elyvilon_altar_5, uniq_menkaure, uniq_pikel
D:6:      gammafunk_temple_overflow_statue, temple_hall, serial_shops,
          kennysheep_mini_moat
D:7:      uniq_crazy_yiuf_cottage
D:8:      fiery_altar_vehumet, the_bakery
D:9:      nicolae_overflow_crystal_walls, nicolae_overflow_hidden_temple,
          basic_altar, serial_bayou_pond_a, minivault_15, grunt_tough_drop

Skill      XL: |  1  2  3  4  5  6  7  8  9 10 |
---------------+-------------------------------+-----
Maces & Flails | 5 6 8 9 11 14 16 17 | 17.2
Armour         | 2 |  2.2
Dodging        | 4 |  4.1
Fighting       | 6 |  6.2

Action                   |  1- 3 |  4- 6 |  7- 9 | 10-12 || total
-------------------------+-------+-------+-------+-------++-------
Melee: Mace              |   101 |    72 |       |       ||   173
       Flail             |       |    80 |   370 |    81 ||   531
       Quarterstaff      |       |       |       |    82 ||    82
       Morningstar       |       |       |       |    10 ||    10
Throw: Tomahawk          |       |       |     4 |     9 ||    13
Invok: Berserk           |       |     1 |     6 |     2 ||     9
       Trog's Hand       |       |     1 |     1 |       ||     2
       Burn Spellbooks   |       |       |     1 |       ||     1
  Use: Potion            |       |     3 |       |     1 ||     4
       Scroll            |       |       |       |    14 ||    14
 Stab: Distracted        |     1 |       |       |     1 ||     2
       Paralysed         |       |       |       |     2 ||     2
  Eat: Chunk             |     1 |     9 |    15 |     2 ||    27
       Meat ration       |       |       |     1 |       ||     1
       Bread ration      |       |       |       |     2 ||     2
Armor: Animal skin       |    38 |    68 |       |       ||   106
       Skin              |       |    10 |       |    29 ||    39
       Robe              |       |       |   118 |    43 ||   161
Dodge: Dodged            |    78 |   105 |   122 |    83 ||   388
Block: Shield            |       |       |    41 |    26 ||    67
